Map: Ulzaan

Players

OpuS

  • Race: Protoss Protoss
  • League: Diamond
  • Spawn Location: 3:00

Sketchaphone

  • Race: Zerg Zerg
  • League: Platinum
  • Spawn Location: 1:00

PsionicDeb

  • Race: Protoss Protoss
  • League: Gold
  • Spawn Location: 11:00

SuPerRo

  • Race: Terran Terran
  • Spawn Location: 9:00

VOD

Have the link to the VOD?

Description

Time

  • Played on: March 3, 2019, 8:32 p.m.
  • Length: 20:43
Show
View Real Time Build Order
Export as new Build Order

OpuS Protoss 

Build Orders:  

Get SALT Encoding   

  12  0:01  Probe  
  13  0:13  Probe  
  14  0:19  Pylon  
  14  0:38  Probe  
  15  0:45  Gateway  
  15  0:48  Assimilator  
  15  0:53  Assimilator  
  15  0:54  Probe  
  16  1:06  Probe  
  16  1:08  Gateway  
  17  1:19  Probe  
  18  1:29  Probe  
  18  1:32  Cybernetics Core  
  19  1:34  Pylon  
  19  1:37  Probe  
  19  1:45  Probe  
  21  2:01  Probe  
  22  2:08  Stalker  
  22  2:09  Stalker, Probe  
  27  2:20  Warp Gate  
  27  2:23  Probe  
  28  2:40  Stalker  
  30  2:47  Pylon  
  30  2:56  Stalker  
  31  3:17  Nexus  
  31  3:26  Forge  
  31  3:29  Stargate  
  31  3:45  Pylon  
  31  3:54  Twilight Council  
  27  4:11  Protoss Ground Weapons Level 1  
  27  4:19  Stalker  
  27  4:20  Stalker  
  31  4:31  Oracle  
  31  4:34  Probe x2  
  34  5:01  Stalker  
  34  5:02  Stalker  
  38  5:08  Void Ray  
  38  5:16  Probe  
  38  5:17  Probe  
  42  5:29  Probe x2  
  44  5:41  Probe  
  45  6:02  Void Ray  
  45  6:04  Probe x2  
  45  6:06  Stalker x2  
  55  6:13  Gateway  
  55  6:15  Gateway  
  55  6:16  Probe  
  55  6:17  Probe  
  49  6:28  Probe  
  49  6:29  Probe  
  49  6:30  Pylon  
  49  6:31  Stalker  
  49  6:32  Blink  
  53  6:35  Assimilator  
  53  6:39  Assimilator  
  53  6:41  Probe  
  54  6:49  Probe  
  54  6:53  Probe  
  56  6:56  Pylon  
  57  7:01  Probe  
  57  7:05  Probe  
  58  7:09  Stalker x3  
  58  7:13  Probe  
  58  7:15  Void Ray  
  65  7:17  Probe  
  62  7:25  Probe  
  62  7:27  Stalker  
  46  7:46  Stalker x3  
  30  8:17  Probe x2  
  32  8:33  Probe x2  
  34  8:35  Stalker  
  36  8:50  Probe x2  
  36  8:54  Stalker  
  40  9:04  Void Ray  
  41  9:17  Probe  
  41  9:18  Probe  
  43  9:27  Stalker x2  
  45  9:32  Stalker  
  45  9:38  Stalker  
  49  9:49  Probe x2  
  51  9:55  Stalker  
  51  9:59  Stalker  
  55  10:02  Probe  
  55  10:03  Probe  
  57  10:12  Void Ray  
  57  10:14  Probe  
  57  10:15  Probe  
  63  10:32  Templar Archives  
  63  10:35  Probe x2  
  65  10:44  Stalker  
  65  10:46  Stalker  
  69  10:52  Pylon  
  69  11:12  Psionic Storm  
  69  11:22  Gateway  
  69  11:24  Gateway  
  69  11:25  Gateway  
  69  11:26  Gateway  
  69  11:30  High Templar x2  
  67  11:51  Void Ray  
  67  12:06  High Templar  
  69  12:09  High Templar  
  71  12:19  Nexus  
  71  12:20  Pylon  
  71  12:30  High Templar  
  71  12:31  High Templar  
  71  12:35  Archon, Charge  
  75  12:39  Pylon  
  75  12:43  Assimilator  
  75  12:45  Void Ray  
  75  12:47  Assimilator  
  75  12:51  Probe x2  
  57  13:26  Void Ray  
  53  13:34  Stargate  
  57  13:35  Protoss Air Weapons Level 1  
  57  13:38  Probe  
  57  13:39  Probe x2  
  60  13:50  Probe  
  60  13:51  Probe x2  
  63  13:56  Void Ray  
  63  14:00  Fleet Beacon  
  63  14:03  Probe x3  
  63  14:08  Void Ray  
  70  14:15  Probe  
  75  14:27  Zealot x2, Void Ray  
  79  14:31  Nexus  
  79  14:36  Stargate  
  79  14:44  Probe x2  
  79  14:45  Probe  
  86  14:46  Void Ray  
  86  14:48  Assimilator  
  86  14:54  Assimilator  
  86  14:56  Probe  
  91  15:03  Probe x2  
  93  15:08  Probe  
  93  15:09  Void Ray  
  98  15:20  Pylon  
  98  15:22  Pylon  
  98  15:24  Void Ray  
  91  15:54  Zealot x6  
  91  15:55  Zealot x2  
  95  16:08  Probe x2  
  95  16:09  Probe  
  94  16:20  Probe  
  94  16:21  Probe x2  
  94  16:22  Void Ray  
  94  16:23  Void Ray  
  94  16:25  Probe  
  105  16:32  Probe  
  105  16:33  Probe  
  105  16:37  Protoss Air Weapons Level 2  
  80  16:42  Void Ray  
  80  16:45  Probe  
  80  16:46  Probe x3  
  88  16:57  Probe  
  89  17:03  Void Ray  
  93  17:08  Void Ray  
  97  17:17  Probe  
  97  17:18  Probe x3, Void Ray  
  101  17:28  Stargate  
  105  17:35  Probe x4  
  109  17:50  Protoss Shields Level 1  
  109  17:52  Tempest x2  
  119  18:00  Probe x3  
  119  18:01  Probe  
  119  18:04  Pylon  
  123  18:08  Nexus  
  123  18:11  Tempest  
  128  18:18  Tempest  
  133  18:34  Tempest  
  133  18:38  Tempest  
  133  18:40  Assimilator  
  142  18:46  Assimilator  
  142  18:54  Tempest  
  135  19:00  Probe x4  
  135  19:01  Tempest  
  134  19:17  Probe x4  
  134  19:21  Tempest  
  68  19:54  Tempest x2  
Show
View Real Time Build Order
Export as new Build Order

Sketchaphone Zerg 

Build Orders: Hatch First 

Get SALT Encoding   

  12  0:01  Drone  
  13  0:09  Drone  
  14  0:17  Overlord  
  14  0:21  Extractor  
  14  0:23  Drone  
  15  0:36  Drone x2  
  17  0:52  Drone  
  18  1:00  Hatchery  
  17  1:18  Spawning Pool  
  17  1:19  Drone  
  17  1:20  Extractor  
  17  1:23  Drone  
  17  1:27  Drone  
  18  1:35  Drone  
  19  1:49  Overlord  
  19  1:58  Drone  
  20  2:05  Queen  
  22  2:08  Overlord  
  22  2:15  Zergling x2  
  23  2:18  Drone  
  24  2:26  Metabolic Boost  
  24  2:28  Drone x2  
  26  2:36  Zergling x4  
  28  2:50  Zergling x4  
  28  2:51  Queen  
  32  2:56  Overlord  
  31  3:22  Spine Crawler  
  30  3:28  Drone  
  30  3:30  Lair  
  30  3:31  Spine Crawler, Queen  
  32  3:40  Zergling x2  
  33  3:44  Drone  
  34  3:49  Zergling x10  
  39  4:07  Drone x8, Extractor  
  45  4:47  Zergling x4  
  45  4:49  Pneumatized Carapace, Nydus Network  
  46  5:12  Hatchery  
  51  5:21  Zergling x14  
  51  5:26  Evolution Chamber  
  51  5:29  Nydus Canal  
  51  5:31  Zergling x2  
  52  5:37  Overlord x3  
  47  6:05  Spire  
  47  6:08  Drone x8  
  47  6:10  Extractor  
  49  6:11  Extractor  
  49  6:15  Nydus Canal  
  48  6:22  Zerg Melee Weapons Level 1  
  48  6:26  Drone x6  
  54  6:47  Drone x9  
  63  6:51  Overlord  
  63  7:02  Queen  
  63  7:06  Overlord, Extractor  
  64  7:08  Overlord  
  64  7:10  Extractor  
  63  7:17  Hydralisk Den, Zerg Flyer Weapons Level 1  
  63  7:19  Mutalisk  
  63  7:22  Mutalisk  
  61  7:38  Mutalisk x4  
  69  7:51  Mutalisk  
  71  8:00  Mutalisk  
  73  8:13  Mutalisk  
  73  8:19  Hydralisk x2  
  79  8:24  Drone x4  
  83  8:29  Drone x11  
  94  8:35  Overlord  
  94  8:41  Mutalisk  
  94  8:42  Mutalisk  
  98  8:49  Nydus Canal  
  98  8:53  Zergling x12  
  102  9:10  Zergling x6  
  102  9:14  Mutalisk x2  
  100  9:20  Mutalisk x4  
  98  9:27  Overlord, Grooved Spines  
  98  9:28  Overlord  
  98  9:47  Zerg Melee Weapons Level 2  
  98  9:48  Zergling x2  
  98  9:49  Zergling x10  
  104  10:00  Nydus Canal  
  104  10:10  Overlord x3  
  104  10:14  Zerg Flyer Weapons Level 2  
  104  10:33  Overlord  
  104  10:54  Burrow  
  104  10:56  Infestation Pit  
  103  11:05  Mutalisk x3  
  103  11:10  Hatchery  
  108  11:18  Zergling x4  
  108  11:19  Zergling x24  
  122  11:25  Mutalisk x2  
  122  11:29  Muscular Augments  
  126  11:38  Nydus Canal  
  124  12:01  Nydus Canal  
  122  12:20  Zergling x14  
  129  12:25  Hive  
  129  12:37  Queen  
  129  12:40  Drone x4  
  129  12:41  Overlord x4  
  129  12:42  Overlord  
  135  12:48  Nydus Canal  
  135  12:59  Zerg Missile Weapons Level 1  
  135  13:07  Lurker Den  
  83  13:48  Greater Spire, Corruptor x14  
  105  13:59  Overlord  
  105  14:05  Pathogen Glands  
  105  14:06  Infestor x2  
  109  14:13  Hydralisk x3  
  115  14:19  Nydus Canal  
  113  14:31  Hydralisk x4  
  116  14:40  Hydralisk x3  
  116  14:44  Swarm Host  
  128  15:07  Viper x2  
  134  15:27  Infestor x2  
  134  15:28  Infestor  
  140  15:31  Hydralisk  
  140  15:33  Zergling x22  
  138  15:50  Zergling x6  
  136  15:57  Zergling x2  
  136  16:01  Zergling x2  
  136  16:03  Zerg Melee Weapons Level 3  
  137  16:04  Adrenal Glands  
  137  16:10  Nydus Canal  
  137  16:16  Zergling x4  
  139  16:22  Zergling x2  
  126  17:00  Swarm Host x5  
  141  17:42  Hatchery  
  140  17:49  Swarm Host x4  
  152  17:54  Overlord  
  152  17:55  Overlord  
  152  17:59  Zerg Flyer Armor Level 1  
  152  18:05  Overlord  
  152  18:07  Drone  
  153  18:16  Zergling x2  
  153  18:18  Zergling x2  
  155  18:36  Extractor x2  
  112  19:03  Corruptor x12  
  112  19:06  Hatchery  
  112  19:42  Zergling x12  
  114  19:52  Corruptor  
  100  19:55  Corruptor  
  93  20:10  Corruptor x2  
Show
View Real Time Build Order
Export as new Build Order

PsionicDeb Protoss 

Build Orders: Carriers 

Get SALT Encoding   

  1  0:00  Probe  
  13  0:16  Pylon  
  13  0:40  Probe  
  13  0:41  Forge  
  14  0:52  Probe  
  14  0:53  Gateway  
  15  1:08  Pylon  
  15  2:04  Probe  
  15  2:08  Assimilator  
  16  2:11  Nexus  
  16  2:12  Probe  
  16  2:13  Assimilator  
  16  2:22  Probe  
  16  2:25  Pylon  
  17  2:32  Photon Cannon  
  17  2:34  Probe  
  18  2:39  Cybernetics Core  
  18  2:46  Probe  
  19  2:58  Probe  
  20  3:02  Photon Cannon  
  20  3:08  Probe  
  21  3:14  Pylon  
  21  3:16  Probe  
  21  3:25  Probe x2  
  24  3:36  Probe  
  24  3:39  Stargate  
  25  3:50  Stargate  
  25  3:52  Probe  
  25  3:53  Probe  
  27  4:06  Probe  
  28  4:12  Shield Battery  
  28  4:18  Probe  
  28  4:19  Photon Cannon  
  28  4:20  Probe  
  30  4:30  Probe  
  31  4:34  Void Ray  
  31  4:42  Probe  
  36  4:51  Pylon  
  36  4:55  Void Ray  
  40  5:25  Protoss Air Weapons Level 1  
  40  5:26  Pylon  
  40  5:29  Void Ray  
  44  5:35  Assimilator  
  43  6:08  Probe  
  42  6:20  Probe  
  43  6:32  Probe  
  44  6:44  Probe  
  45  6:52  Void Ray x2  
  53  6:56  Probe  
  53  6:59  Probe  
  54  7:02  Assimilator  
  54  7:07  Probe  
  55  7:08  Probe  
  57  7:17  Probe  
  58  7:27  Pylon x2  
  58  7:29  Pylon, Probe  
  59  7:41  Probe  
  52  8:15  Void Ray x2  
  56  8:23  Photon Cannon  
  56  8:24  Photon Cannon  
  56  8:26  Photon Cannon  
  56  8:28  Photon Cannon  
  56  8:34  Stargate  
  56  8:39  Photon Cannon  
  54  9:05  Nexus  
  54  9:36  Pylon  
  54  9:37  Pylon  
  54  9:39  Void Ray x3  
  54  9:45  Fleet Beacon  
  66  9:53  Pylon  
  66  9:56  Pylon  
  66  10:03  Photon Cannon  
  66  10:05  Photon Cannon  
  66  10:19  Pylon  
  66  10:28  Protoss Shields Level 1  
  66  10:29  Probe  
  67  10:37  Shield Battery, Probe  
  68  10:43  Photon Cannon  
  68  10:45  Photon Cannon  
  68  10:46  Probe  
  69  10:58  Carrier x2, Probe  
  78  11:11  Probe  
  79  11:20  Photon Cannon  
  79  11:23  Photon Cannon  
  79  11:25  Shield Battery  
  79  11:27  Protoss Air Armor Level 1  
  79  11:32  Cybernetics Core  
  79  11:34  Photon Cannon  
  79  12:19  Carrier x2  
  91  12:27  Pylon  
  91  12:35  Pylon  
  91  12:40  Photon Cannon, Probe  
  91  12:42  Shield Battery  
  92  12:48  Probe  
  92  12:50  Assimilator  
  92  12:55  Assimilator  
  92  12:58  Pylon, Probe  
  93  12:59  Pylon  
  93  13:00  Pylon  
  94  13:10  Probe  
  91  13:22  Probe  
  92  13:38  Protoss Air Armor Level 2  
  92  13:40  Protoss Air Weapons Level 2  
  86  13:50  Carrier x2  
  98  13:56  Probe  
  99  14:04  Probe  
  100  14:14  Probe  
  101  14:17  Probe  
  102  14:24  Pylon  
  102  14:26  Probe  
  102  14:29  Probe  
  104  14:38  Probe  
  105  14:41  Probe  
  106  14:53  Probe  
  107  15:05  Probe  
  108  15:10  Carrier x3  
  108  15:11  Photon Cannon  
  126  15:16  Probe  
  126  15:20  Stargate  
  127  15:24  Probe  
  127  15:25  Stargate  
  128  15:34  Probe  
  129  15:44  Nexus  
  129  15:46  Probe  
  76  16:12  Carrier x2  
  76  16:13  Carrier  
  76  16:15  Carrier  
  100  16:33  Carrier  
  105  16:52  Protoss Air Weapons Level 3  
  105  17:08  Carrier  
  105  17:09  Carrier  
  105  17:17  Carrier  
  105  17:19  Carrier  
  129  17:30  Nexus  
  129  17:34  Pylon  
  129  17:36  Pylon  
  129  17:37  Carrier  
  129  17:39  Pylon  
  129  17:42  Pylon  
  129  17:43  Protoss Air Armor Level 3  
  135  18:05  Photon Cannon  
  135  18:07  Photon Cannon  
  135  18:10  Photon Cannon  
  135  18:14  Photon Cannon  
  135  18:16  Shield Battery  
  135  18:18  Robotics Facility  
  135  18:20  Shield Battery  
  135  18:36  Carrier x3  
  153  19:12  Tempest x2  
  163  19:39  Tempest  
  163  19:40  Tempest  
  161  19:49  Tempest  
  148  19:55  Tempest x2  
Show
View Real Time Build Order
Export as new Build Order

SuPerRo Terran 

Build Orders:  

Get SALT Encoding   

  12  0:01  SCV  
  13  0:13  SCV  
  14  0:19  Supply Depot  
  14  0:25  SCV  
  15  0:30  Refinery  
  15  0:40  SCV  
  16  0:47  Barracks  
  16  0:53  SCV  
  17  1:08  SCV  
  18  1:17  Barracks  
  18  1:21  Barracks  
  18  1:29  SCV  
  19  1:34  Reaper  
  19  1:39  Refinery  
  20  1:45  SCV  
  21  2:02  Orbital Command  
  21  2:04  Reaper  
  21  2:07  Reaper  
  23  2:31  Engineering Bay  
  23  2:36  Supply Depot  
  23  2:57  Missile Turret  
  23  2:58  Reaper x3, SCV  
  27  3:10  SCV  
  28  3:16  Command Center  
  28  3:24  SCV  
  29  3:30  Reaper x3  
  31  4:02  Reaper  
  31  4:07  Reaper  
  31  4:10  Reaper  
  29  4:26  Barracks  
  29  4:33  Supply Depot  
  29  4:34  Reaper  
  29  4:39  Reaper  
  29  5:05  Reaper  
  29  5:06  Reaper  
  31  5:23  Supply Depot  
  31  5:25  Reaper  
  31  5:27  Reaper  
  33  5:33  Orbital Command  
  33  5:36  Refinery  
  33  5:37  Reaper  
  33  5:38  Reaper  
  34  5:56  Marine  
  33  6:11  SCV  
  25  6:25  Reaper x2  
  27  6:40  SCV x2  
  27  6:46  Reaper x2  
  31  6:52  SCV  
  32  6:57  Reaper x2  
  32  6:59  SCV  
  35  7:03  Missile Turret  
  35  7:04  SCV  
  36  7:11  SCV  
  37  7:16  SCV  
  37  7:18  Reaper x2  
  38  7:23  SCV  
  38  7:29  Reaper x2  
  37  7:50  Reaper x2  
  36  8:01  Reaper x2  
  35  8:18  Missile Turret  
  35  8:20  Missile Turret x2  
  35  8:22  Reaper, SCV x2  
  38  8:33  Hi-Sec Auto Tracking  
  38  8:34  Missile Turret, SCV  
  38  8:35  Marine x2, SCV  
  38  8:38  Refinery  
  42  8:47  Marine  
  43  8:52  SCV  
  43  8:53  Marine  
  45  8:57  SCV  
  45  8:58  Supply Depot  
  45  9:25  SCV x2  
  47  9:34  Marine x3  
  47  9:35  Marine  
  47  9:37  SCV  
  52  9:45  SCV  
  53  9:46  Factory  
  53  9:49  SCV  
  53  9:50  Command Center  
  53  9:52  Marine x3  
  56  9:57  SCV  
  58  10:01  SCV  
  58  10:13  SCV  
  58  10:25  SCV  
  58  10:26  SCV  
  60  10:30  Factory Tech Lab, Supply Depot  
  60  10:31  Supply Depot  
  60  10:34  Armory  
  60  10:36  Armory  
  60  10:37  SCV  
  60  10:38  SCV  
  62  10:43  Neosteel Armor  
  62  10:49  SCV  
  63  10:50  Missile Turret, SCV  
  63  10:51  Missile Turret  
  64  11:12  SCV  
  64  11:13  SCV  
  64  11:16  Refinery  
  65  11:21  Refinery  
  65  11:24  SCV x2  
  67  11:26  Terran Vehicle Weapons Level 1, Terran Vehicle And Ship Armor Level 1  
  67  11:28  Siege Tank  
  70  11:34  Missile Turret  
  58  11:54  Planetary Fortress  
  58  11:56  Missile Turret  
  58  12:00  Missile Turret, Siege Tank  
  58  12:01  Marine x2  
  62  12:02  SCV  
  64  12:15  SCV  
  65  12:18  SCV  
  66  12:24  Missile Turret  
  66  12:27  SCV  
  67  12:30  SCV  
  67  12:35  Siege Tank  
  71  12:39  SCV x2  
  73  12:55  Factory  
  73  12:57  SCV x2  
  73  12:58  Factory  
  75  13:01  Factory, SCV  
  76  13:09  SCV  
  69  13:28  SCV  
  69  13:30  Thor  
  76  13:36  Terran Vehicle And Ship Armor Level 2, Terran Vehicle Weapons Level 2  
  76  13:41  SCV  
  77  13:48  Missile Turret  
  77  13:50  Missile Turret  
  77  14:07  Factory Tech Lab x2, Factory Reactor  
  77  14:09  Infernal Pre-Igniter  
  77  14:12  SCV x2  
  79  14:17  SCV  
  79  14:18  Missile Turret  
  79  14:20  Missile Turret  
  78  14:32  Thor  
  78  14:33  Thor x2  
  96  14:49  SCV x2  
  98  15:02  Hellion  
  100  15:10  Supply Depot x2  
  100  15:23  Hellion, Siege Tank x2  
  100  15:24  Supply Depot  
  108  15:31  Hellion, Siege Tank  
  92  15:55  Siege Tank  
  95  16:03  Siege Tank  
  96  16:10  Hellion x3  
  96  16:15  SCV x2  
  86  16:27  Hellion  
  86  16:31  Hellion x2, Thor  
  94  16:44  SCV  
  94  16:46  Missile Turret  
  95  16:47  Missile Turret  
  95  16:48  Thor  
  95  16:49  Thor  
  107  16:55  SCV  
  108  17:13  Hellion x2  
  108  17:14  Terran Vehicle Weapons Level 3, Thor  
  118  17:25  Command Center  
  118  17:31  Thor  
  118  17:32  Terran Vehicle And Ship Armor Level 3  
  124  17:41  Hellion, Thor  
  124  17:42  Supply Depot  
  124  17:43  Supply Depot x2  
  127  18:06  Missile Turret  
  127  18:11  Thor  
  133  18:14  Hellion x3  
  139  18:30  Thor  
  145  18:43  Thor  
  145  18:44  Hellion  
  145  18:45  Hellion  
  86  19:26  Siege Tank x2  
  92  19:50  Hellion, Siege Tank  
  92  19:51  Hellion  
  99  19:58  Thor x2  
  105  20:21  Hellion  
  108  20:30  SCV  
Tags
 
Add a new tag
Caveats
  • Supply blocks, unpowered buildings, or Contaminate may cause inaccurate times.
  • Supply counts are checked every 10 seconds.